 Dungeon Crawl Stone Soup version 0.22-a0-374-g5dfd9e3 (webtiles) character file.

10188 mhoghedin the Nimble (level 11, -5/61 HPs)
             Began as a Spriggan Assassin on Apr 26, 2018.
             Was a Priest of Makhleb.
             Killed from afar by a guardian serpent (22 damage)
             ... with a bolt of poison
             ... on level 3 of the Lair of Beasts.
             The game lasted 00:42:42 (13300 turns).

mhoghedin the Nimble (Spriggan Assassin)           Turns: 13300, Time: 00:42:42

Health: -5/61      AC:  3    Str:  9    XL:     11   Next: 32%
Magic:  19/19      EV: 32    Int: 15    God:    Makhleb [***...]
Gold:   638        SH:  0    Dex: 25    Spells: 15/19 levels left

rFire    . . .     SeeInvis +   b - +3 dagger
rCold    . . .     Gourm    .   (shield restricted)
rNeg     . . .     Faith    .   c - +0 robe
rPois    .         Spirit   .   (helmet restricted)
rElec    +         Reflect  .   d - +0 cloak
rCorr    .         Harm     .   (gloves unavailable)
MR       ++...                  (boots unavailable)
Stlth    +++++.....             z - amulet "Fegoub" {RegenMP *Corrode MR+ Dex+6}
HPRegen  0.20/turn              F - ring of Semalec {Wiz rElec}
MPRegen  0.41/turn              l - ring of wizardry {Wiz+, !d}

@: lethally poisoned (-5 -> -13), very quick
A: very small, unfitting armour, see invisible, clever 1, herbivore, speed 3,
robust 1, slow metabolism 2
a: Minor Destruction, Lesser Servant of Makhleb, Renounce Religion


You were on level 3 of the Lair of Beasts.
You worshipped Makhleb.
Makhleb was most pleased with you.
You were not hungry.

You visited 2 branches of the dungeon, and saw 11 of its levels.
You also visited: Bailey.

You collected 638 gold pieces.

Inventory:

Hand Weapons
 b - a +3 dagger (weapon)
 I - a +0 blowgun
Missiles
 e - 10 poisoned needles
 m - 47 tomahawks of returning (quivered)
 q - a curare-tipped needle
Armour
 c - a +0 robe (worn)
 d - a +0 cloak (worn)
Magical Staves
 a - an uncursed staff of wizardry {wiz+, !a}
   (You found it on level 7 of the Dungeon)
 H - an uncursed staff of power {MP+17, !a}
   (You found it on level 7 of the Dungeon)
Jewellery
 i - an uncursed ring of flight {+Fly, !d}
   (You found it on level 4 of the Dungeon)
 l - a ring of wizardry (right hand) {Wiz+, !d}
   (You found it on level 8 of the Dungeon)
 z - the amulet "Fegoub" (around neck) {RegenMP *Corrode MR+ Dex+6}
   (You found it on level 5 of the Dungeon)

   [amulet of magic regeneration]

   It increases your magic regeneration.
   It affects your dexterity (+6).
   It affects your resistance to hostile enchantments.
   It may corrode you when you take damage.
 F - the ring of Semalec (left hand) {Wiz rElec}
   (You found it on level 7 of the Dungeon)

   [ring of wizardry]

   It improves your spell success rate.
   It insulates you from electricity.
Wands
 t - a wand of enslavement (8)
   (You found it on level 8 of the Dungeon)
 y - a wand of digging (12)
   (You found it on level 5 of the Dungeon)
 G - a wand of paralysis (9)
   (You found it on level 8 of the Dungeon)
 L - a wand of polymorph (21)
   (You found it on level 2 of the Lair of Beasts)
 M - a wand of random effects (20)
   (You found it on level 2 of the Lair of Beasts)
Scrolls
 h - 11 scrolls of remove curse
 j - 2 scrolls of fog
 k - 4 scrolls of amnesia
 n - 5 scrolls of identify
 o - 2 scrolls of enchant weapon
 s - a scroll of fear
 w - 2 scrolls of enchant armour
 x - a scroll of blinking {!r}
 A - a scroll of immolation {!r}
 C - 2 scrolls of teleportation
 D - a scroll of holy word {!r}
 N - a scroll of magic mapping {!r}
Potions
 f - 5 potions of agility
 p - a potion of ambrosia
 r - a potion of lignification {!q}
 u - 2 potions of mutation {!q}
 v - 3 potions of flight
 B - a potion of curing
 E - a potion of might
Miscellaneous
 K - a box of beasts
Comestibles
 g - 10 rations


   Skills:
 + Level 6.3 Fighting
 - Level 5.8 Short Blades
 - Level 3.9 Throwing
 + Level 12.5 Dodging
 - Level 10.1 Stealth
 - Level 4.9 Spellcasting
 - Level 4.9 Poison Magic
 + Level 8.9 Invocations


You had 15 spell levels left.
You knew the following spells:

 Your Spells              Type           Power        Failure   Level  Hunger
a - Olgreb's Toxic Radia  Pois           ###.....     6%          4    ####...


Dungeon Overview and Level Annotations

Branches:
Dungeon (8/15)             Temple (0/1) D:5            Lair (3/6) D:8
  Snake (0/4) Lair:3
  Swamp: Lair:2-4    Shoals: Lair:2-4

Altars:
Fedhas
Makhleb
Nemelex Xobeh
Okawaru
Ru
Trog
Yredelemnul
The Shining One

Annotations:
D:7 exclusions: ice statue and oklob plant


Innate Abilities, Weirdness & Mutations

You are very small and have problems with some larger weapons.
You are too small for most types of armour.
You have supernaturally acute eyesight. (SInv)
You are a herbivore.
You cover ground extremely quickly.
You need to consume almost no food.
Your mind is acute. (Int +2)
You are robust. (+10% HP)


Message History

The glob of acid hits the death yak.
The death yak is splashed with acid.
The acid corrodes the death yak!
You kill the death yak!
Makhleb accepts your kill.
You feel better.
You regained 14 hp, and now have 60/61 hp.
You start resting.
Health restored: 61 Unknown command.
m - 46 tomahawks of returning (gained 1)
You see here a death yak corpse.
m - 47 tomahawks of returning (gained 1)
w - 2 scrolls of enchant armour (gained 1)
You enter the shallow water.
Moving in this stuff is going to be slow.
v - 3 potions of flight (gained 1)
You now have 614 gold pieces (gained 14).
Found a stone staircase leading down.
You see here a ring mail.
f - 5 potions of agility (gained 2)
You enter the shallow water.
Moving in this stuff is going to be slow.
You see here a jewelled chain mail.
You enter the shallow water.
Moving in this stuff is going to be slow.
You enter the shallow water.
Moving in this stuff is going to be slow.
You enter the shallow water.
Moving in this stuff is going to be slow.
You enter the shallow water.
Moving in this stuff is going to be slow.
Done exploring.
Done exploring.
As you read the scroll of identify, it crumbles to dust.
J - a cursed -2 buckler You drop a cursed -2 buckler.
Unknown command.
Okay, then.
Unknown command.
Unknown command.
Unknown command.
Done exploring.
Done exploring.
(D) Dungeon (T) Temple (L) Lair
Where to? (Enter - Lair:2, ? - help)
You enter the shallow water.
Moving in this stuff is going to be slow.
There is a stone staircase leading down here.
You climb downwards.
Found a stone staircase leading up.
There is a stone staircase leading up here.
You now have 638 gold pieces (gained 24).
Found a stone staircase leading down.
A guardian serpent comes into view.
Found a staircase to the Snake Pit.
The guardian serpent shouts!
Aim: a guardian serpent The stone arrow hits the guardian serpent.
The guardian serpent coils itself and waves its upper body at you.
The bolt of poison hits you!
You are poisoned.
You take 19 damage, and have 42/61 hp.
MASSIVE DAMAGE!!
Aim: a guardian serpent (lightly wounded)
The stone arrow hits the guardian serpent.
You feel sick.
The guardian serpent completely misses you.
The guardian serpent misses you.
You take 2 damage, and have 40/61 hp.
Aim: a guardian serpent (moderately wounded)
The stone arrow hits the guardian serpent.
You feel sick.
The guardian serpent completely misses you.
You take 1 damage, and have 39/61 hp.
Aim: a guardian serpent (moderately wounded)
The guardian serpent writhes in agony!
You feel sick.
The guardian serpent closely misses you. x2
You take 2 damage, and have 37/61 hp.
Aim: a guardian serpent (moderately wounded)
The puff of flame misses the guardian serpent.
The guardian serpent completely misses you.
You take 1 damage, and have 36/61 hp.
Aim: a guardian serpent (moderately wounded)
The stone arrow hits the guardian serpent.
You feel sick. The guardian serpent misses you.
The guardian serpent completely misses you.
You take 2 damage, and have 34/61 hp.
Aim: a guardian serpent (severely wounded)
The guardian serpent resists with some effort.
The guardian serpent casts a spell at you.
The bolt of poison hits you!
You are more poisoned.
* * * LOW HITPOINT WARNING * * *
You take 29 damage, and have 5/61 hp.
MASSIVE DAMAGE!!
You feel better. The guardian serpent misses you.
The guardian serpent coils itself and waves its upper body at you.
The bolt of poison hits you!
You are poisoned.
You die...

#.## #...... ##..#
##.#.## ## #...# #....#
# ##.###.### #..#.#
##.#........# #....#
............######....+#
#.............<..+.P....
...P.......<+....#....#.
####...@....##..#.......
##P.S..+#.###.##.####
##.>...### ####.#
#......# #.. ......##
.#.. #.#.#... ##
#.#.##... ...## #..#


You could see a guardian serpent.

Vanquished Creatures
  6 death yaks (Lair:2)
  A two-headed ogre (D:8)
  An orc knight (Bailey)
  A spiny frog (Lair:1)
  2 hippogriffs
  2 orc warriors (Bailey)
  4 yaks (Lair:2)
  A basilisk (Lair:2)
  2 water moccasins (Lair:1)
  5 porcupines
  A sky beast (D:7)
  A black bear (D:7)
  5 ogres
  6 centaurs
  2 crocodiles
  5 bullfrogs
  2 scorpions
  5 killer bees (D:8)
  5 wights (D:7)
  3 electric eels (D:7)
  4 howler monkeys
  5 crimson imps
  A hound (D:2)
  2 orc priests
  2 orc wizards (D:3)
  2 bullfrog skeletons
  3 iguanas
  6 worker ants
  A killer bee zombie (D:7)
  A hound skeleton (D:4)
  A howler monkey zombie (D:5)
  A worker ant zombie (D:7)
  2 gnolls (Bailey)
  11 adders
  A shadow imp (D:5)
  4 oozes
  An adder skeleton (D:5)
  An adder zombie (D:8)
  A worm (D:2)
  A leopard gecko (D:5)
  17 orcs
  3 bats
  5 giant cockroaches
  15 goblins
  11 hobgoblins
  8 jackals
  4 quokkas
  A ball python (D:3)
  A ball python skeleton (D:4)
  A jackal skeleton (D:6)
  19 kobolds
  A quokka skeleton (D:7)
  8 rats
205 creatures vanquished.

Vanquished Creatures (collateral kills)
  A killer bee (D:8)
  2 goblins (Bailey)
  A kobold (Bailey)
4 creatures vanquished.

Vanquished Creatures (others)
  An orc warrior (Bailey)
1 creature vanquished.

Grand Total: 210 creatures vanquished

Notes
Turn   | Place    | Note
-------+----------+-------------------------------------------
     0 | D:1      | mhoghedin the Spriggan Assassin began the quest for the Orb.
     0 | D:1      | Reached XP level 1. HP: 10/10 MP: 2/2
   294 | D:1      | Reached skill level 6 in Stealth
   368 | D:1      | Reached skill level 2 in Dodging
   369 | D:1      | Reached XP level 2. HP: 10/15 MP: 3/3
  1082 | D:2      | HP: 3/15 [ooze (4)]
  1469 | D:2      | Reached skill level 2 in Fighting
  1469 | D:2      | Reached XP level 3. HP: 10/18 MP: 4/4
  2190 | D:2      | Reached skill level 3 in Dodging
  2202 | D:2      | Found a burning altar of Makhleb.
  2204 | D:2      | Reached skill level 3 in Short Blades
  2204 | D:2      | Reached XP level 4. HP: 23/23 MP: 5/5
  2212 | D:2      | Became a worshipper of Makhleb the Destroyer
  2418 | D:3      | Reached skill level 7 in Stealth
  2440 | D:3      | Reached XP level 5. HP: 18/27 MP: 6/6
  2951 | D:3      | Reached skill level 4 in Dodging
  2997 | D:3      | Reached * piety under Makhleb
  3193 | D:3      | Found a faded altar of an unknown god.
  3235 | D:3      | Found an iron altar of Okawaru.
  3351 | D:4      | Noticed an ogre
  3362 | D:4      | Killed an ogre
  3362 | D:4      | Reached XP level 6. HP: 15/32 MP: 7/7
  3566 | D:4      | Found a bloodstained altar of Trog.
  3567 | D:4      | Reached skill level 3 in Fighting
  3567 | D:4      | Reached skill level 4 in Short Blades
  3634 | D:4      | Reached skill level 5 in Dodging
  3634 | D:4      | Reached skill level 8 in Stealth
  3815 | D:4      | Reached XP level 7. HP: 36/36 MP: 8/8
  3911 | D:4      | Found a glowing golden altar of the Shining One.
  4443 | D:4      | Found a sacrificial altar of Ru.
  4481 | D:4      | HP: 4/36 [orc/trident (6)]
  4799 | D:5      | Entered Level 5 of the Dungeon
  4802 | D:5      | Reached skill level 5 in Short Blades
  4802 | D:5      | Reached skill level 6 in Dodging
  4938 | D:5      | HP: 9/37 [orc priest/divine providence (16)]
  5472 | D:5      | Reached skill level 9 in Stealth
  5798 | D:5      | Reached ** piety under Makhleb
  6027 | D:5      | Reached XP level 8. HP: 42/42 MP: 9/9
  6032 | D:5      | Found a staircase to the Ecumenical Temple.
  6071 | D:5      | Reached skill level 7 in Dodging
  6229 | D:5      | Got a slimy golden amulet
  6231 | D:5      | Identified the amulet "Fegoub" {RegenMP *Corrode MR+ Dex+6} (You found it on level 5 of the Dungeon)
  6603 | D:6      | Reached skill level 4 in Fighting
  6636 | D:6      | Reached skill level 1 in Invocations
  6851 | D:6      | Reached skill level 2 in Invocations
  7801 | D:6      | Found a sparkling altar of Nemelex Xobeh.
  8010 | D:7      | Found a flagged portal.
  8023 | D:7      | Reached skill level 8 in Dodging
  8034 | Bailey   | Entered a bailey
  8254 | Bailey   | Reached skill level 3 in Invocations
  8328 | Bailey   | Reached skill level 9 in Dodging
  8381 | Bailey   | Noticed an orc knight
  8406 | Bailey   | Killed an orc knight
  8406 | Bailey   | Reached skill level 4 in Invocations
  8406 | Bailey   | Reached XP level 9. HP: 45/45 MP: 11/13
  8445 | Bailey   | Reached skill level 10 in Dodging
  8535 | Bailey   | Gained mutation: Your mind is acute. (Int +2) [potion of mutation]
  8535 | Bailey   | Gained mutation: You are robust. (+10% HP) [potion of mutation]
  8838 | D:7      | Reached skill level 5 in Invocations
  8845 | D:7      | Reached skill level 3 in Throwing
  8865 | D:7      | Reached *** piety under Makhleb
  9119 | D:7      | Reached skill level 6 in Invocations
  9710 | D:7      | Found a blossoming altar of Fedhas.
  9736 | D:7      | Noticed an oklob plant
  9861 | D:7      | Noticed an ice statue
 10258 | D:8      | Reached skill level 11 in Dodging
 10391 | D:8      | Noticed a two-headed ogre
 10399 | D:8      | Killed a two-headed ogre
 10399 | D:8      | Reached skill level 5 in Fighting
 10399 | D:8      | Reached skill level 7 in Invocations
 10399 | D:8      | Reached XP level 10. HP: 56/56 MP: 16/16
 10445 | D:8      | Found a basalt altar of Yredelemnul.
 10469 | D:8      | Noticed a death yak
 10470 | D:8      | Noticed a death yak
 10490 | D:8      | Noticed a death yak
 10557 | D:8      | Found a staircase to the Lair.
 10743 | Lair:1   | Entered Level 1 of the Lair of Beasts
 10825 | Lair:1   | Noticed a spiny frog
 10832 | Lair:1   | Killed a spiny frog
 10832 | Lair:1   | Reached skill level 10 in Stealth
 10839 | Lair:1   | Learned a level 4 spell: Olgreb's Toxic Radiance
 11030 | D:7      | Got a glittering pewter ring
 11056 | D:7      | Identified the ring of Semalec {Wiz rElec} (You found it on level 7 of the Dungeon)
 11208 | Lair:1   | Reached skill level 1 in Poison Magic
 11490 | Lair:1   | Reached skill level 2 in Poison Magic
 11490 | Lair:1   | Reached skill level 8 in Invocations
 11881 | Lair:1   | Reached skill level 1 in Spellcasting
 12335 | Lair:2   | Reached skill level 2 in Spellcasting
 12335 | Lair:2   | Reached skill level 3 in Poison Magic
 12565 | Lair:2   | Noticed a death yak
 12567 | Lair:2   | Noticed a death yak
 12567 | Lair:2   | Noticed a death yak
 12567 | Lair:2   | Noticed a death yak
 12568 | Lair:2   | Noticed a death yak
 12568 | Lair:2   | Noticed a death yak
 12641 | Lair:2   | Killed a death yak
 12641 | Lair:2   | Reached skill level 4 in Spellcasting
 12641 | Lair:2   | Reached skill level 4 in Poison Magic
 12657 | Lair:2   | Killed a death yak
 12735 | Lair:2   | Reached XP level 11. HP: 61/61 MP: 19/19
 12740 | Lair:2   | Killed a death yak
 12753 | Lair:2   | Killed a death yak
 12753 | Lair:2   | Reached skill level 6 in Fighting
 12753 | Lair:2   | Reached skill level 12 in Dodging
 12778 | Lair:2   | Killed a death yak
 12807 | Lair:2   | Killed a death yak
 13287 | Lair:3   | Found a staircase to the Snake Pit.
 13299 | Lair:3   | HP: 5/61 [guardian serpent/bolt of poison (28)]
 13300 | Lair:3   | Killed from afar by a guardian serpent

Vault maps used:
D:1:      sevenhm_arrival_forest_fort_large_2, serial_glass, glass_columns_a,
          glass_columns_a
D:2:      first_ration, makhleb_blood_cavern_becter
D:3:      chequers_ecumenical_altar_simple, kennysheep_okawaru_gauntlet
D:4:      nicolae_tso_carved_into_rock, kennysheep_mini_moat,
          minmay_ruined_shrine
D:5:      minmay_temple_entry_glassed_door
D:6:      basic_altar, minmay_misc_feat_diagonals
D:7:      statuecave_lemuel, tgw_fedhas, enter_bailey_3
D:8:      old_standard_altar, dpeg_lair_monsters
Lair:1:   infiniplex_staircase_pool
Lair:2:   infiniplex_staircase_pool_2
Lair:3:   elwin_shoals_entry_rooms, minmay_snake_entry_spellcaster
Bailey:   bailey_axe_1, bailey

Skill      XL: |  1  2  3  4  5  6  7  8  9 10 11 |
---------------+----------------------------------+-----
Stealth        | 6 7 8 9 10 | 10.1
Dodging        | 2 3 4 5 6 9 11 12 | 12.5
Fighting       | 2 3 4 5 6 |  6.3
Short Blades   | 3 4 5 |  5.8
Invocations    | 4 7 8 |  8.9
Throwing       | 3 |  3.9
Poison Magic   | 4 |  4.9
Spellcasting   | 4 |  4.9

Action                   |  1- 3 |  4- 6 |  7- 9 | 10-12 || total
-------------------------+-------+-------+-------+-------++-------
Melee: Dagger            |   115 |   134 |   231 |    33 ||   513
 Fire: Blowgun           |       |     8 |    12 |       ||    20
Throw: Tomahawk          |       |       |    40 |    16 ||    56
 Cast: Olgreb's Toxic Ra |       |       |       |     6 ||     6
Invok: Minor Destruction |       |       |   173 |   105 ||   278
       Lesser Servant of |       |       |     1 |     2 ||     3
 Abil: Evoke Flight      |       |       |     1 |       ||     1
Evoke: Wand              |       |       |    24 |     2 ||    26
  Use: Potion            |     4 |       |     6 |     1 ||    11
       Scroll            |       |     8 |     9 |     1 ||    18
 Stab: Sleeping          |    11 |    14 |    16 |     6 ||    47
       Distracted        |     1 |       |     2 |       ||     3
  Eat: Ration            |       |       |     4 |     1 ||     5
Armor: Robe              |    11 |     3 |    10 |     2 ||    26
Dodge: Dodged            |    91 |    58 |   354 |   101 ||   604
Block: Other             |     8 |    28 |    21 |       ||    57
       Reflection        |       |     1 |       |       ||     1

Table legend:
 A = Spawn XP
 B = Non-spawn XP
 C = Spawn XP percentage of total XP
 D = Spawn monster count
 E = Non-spawn monster count
 F = Spawn count percentage of total count
 G = Total turns spent on level
                    A         B        C        D         E        F      G
               +---------+---------+-------+---------+---------+-------+---------
         Total |       0 |   14555 |   0.0 |       0 |     209 |   0.0 | 13300
               +---------+---------+-------+---------+---------+-------+---------
           D:1 |       0 |      20 |   0.0 |       0 |      12 |   0.0 |   951
           D:2 |       0 |     128 |   0.0 |       0 |      21 |   0.0 |  1464
           D:3 |       0 |     149 |   0.0 |       0 |      22 |   0.0 |   927
           D:4 |       0 |     619 |   0.0 |       0 |      22 |   0.0 |  1982
           D:5 |       0 |     723 |   0.0 |       0 |      19 |   0.0 |  1565
           D:6 |       0 |     325 |   0.0 |       0 |       9 |   0.0 |  1058
           D:7 |       0 |    1869 |   0.0 |       0 |      32 |   0.0 |  1690
           D:8 |       0 |    1588 |   0.0 |       0 |      17 |   0.0 |   799
        Lair:1 |       0 |    1716 |   0.0 |       0 |      11 |   0.0 |   983
        Lair:2 |       0 |    6402 |   0.0 |       0 |      13 |   0.0 |  1269
        Bailey |       0 |    1016 |   0.0 |       0 |      31 |   0.0 |   570
               +---------+---------+-------+---------+---------+-------+---------

Vault maps used:
D:1:      sevenhm_arrival_forest_fort_large_2, serial_glass, glass_columns_a,
          glass_columns_a
D:2:      first_ration, makhleb_blood_cavern_becter
D:3:      chequers_ecumenical_altar_simple, kennysheep_okawaru_gauntlet
D:4:      nicolae_tso_carved_into_rock, kennysheep_mini_moat,
          minmay_ruined_shrine
D:5:      minmay_temple_entry_glassed_door
D:6:      basic_altar, minmay_misc_feat_diagonals
D:7:      statuecave_lemuel, tgw_fedhas, enter_bailey_3
D:8:      old_standard_altar, dpeg_lair_monsters
Lair:1:   infiniplex_staircase_pool
Lair:2:   infiniplex_staircase_pool_2
Lair:3:   elwin_shoals_entry_rooms, minmay_snake_entry_spellcaster
Bailey:   bailey_axe_1, bailey

Table legend:
 A = Turns spent in this place as a percentage of turns spent in the entire game.
 B = Non-inter-level travel turns spent in this place as a percentage of non-inter-level travel turns spent in the entire game.
 C = Inter-level travel turns spent in this place as a percentage of turns spent in this place.
 D = Turns resting spent in this place as a percentage of non-inter-level travel turns spent in this place.
 E = Turns spent auto-exploring this place as a percentage of non-inter-level travel turns spent in this place.
 F = Non-inter-level travel turns spent in this place divided by the number of levels of this place that you've seen.
                   A       B       C       D       E      F
               +-------+-------+-------+-------+-------+----------------------
         Total | 100.0 | 100.0 |   3.9 |  30.4 |  44.7 | 1064.7
       Dungeon |  78.5 |  78.1 |   4.4 |  32.2 |  43.7 | 1247.2
          Lair |  17.2 |  17.4 |   2.9 |  18.9 |  58.8 | 742.7
        Bailey |   4.3 |   4.5 |   0.0 |  44.4 |   7.4 | 570.0
               +-------+-------+-------+-------+-------+----------------------

Table legend:
 A = Kills in this place as a percentage of kills in entire the game.
 B = Kills by you in this place as a percentage of kills by you in the entire game.
 C = Kills by friends in this place as a percentage of kills by friends in the entire game.
 D = Other kills in this place as a percentage of other kills in the entire game.
 E = Experience gained in this place as a percentage of experience gained in the entire game.
 F = Experience gained in this place divided by the number of levels of this place that you have seen.
                   A       B       C       D       E      F
               +-------+-------+-------+-------+-------+----------------------
         Total | 100.0 | 100.0 | 100.0 |   N/A | 100.0 | 1212.9
       Dungeon |  73.7 |  74.6 |  25.0 |   N/A |  37.2 | 677.6
          Lair |  11.5 |  11.7 |   0.0 |   N/A |  55.8 | 2706.0
        Bailey |  14.8 |  13.7 |  75.0 |   N/A |   7.0 | 1016.0
               +-------+-------+-------+-------+-------+----------------------
